 Dungeon Crawl Stone Soup version 0.28-a0-863-g8cecda6153 (webtiles) character file.

Game seed: 5003863151192700080

3998 Ijustatesigmund the Fighter (level 10, -16/83 HPs)
             Began as a Demonspawn Fighter on Nov 19, 2021.
             Demolished by Ijustatesigmund's ghost (17 damage)
             ... on level 8 of the Dungeon on Nov 20, 2021.
             The game lasted 00:11:26 (8856 turns).

Ijustatesigmund the Fighter (Demonspawn Fighter)    Turns: 8856, Time: 00:11:26

Health: -16/83     AC: 14    Str: 16    XL:     10   Next: 3%
Magic:  10/10      EV: 10    Int: 12    God:
Gold:   483        SH:  5    Dex: 20    Spells: 9/9 levels left

rFire   . . .      SeeInvis .   a - +1 war axe (venom)
rCold   . . .      Faith    .   c - +0 buckler
rNeg    . . .      Spirit   .   b - +0 chain mail
rPois   .          Reflect  .   (no helmet)
rElec   .          Harm     .   i - +1 cloak
rCorr   .          Rampage  .   q - +2 pair of gloves {Stlth+}
Will    .....                   (no boots)
Stlth   ..........              (no amulet)
HPRegen 0.23/turn               g - +6 ring of dexterity
MPRegen 0.12/turn               (no ring)

@: lethally poisoned (-16 -> -20), slowed, studying Dodging, very slow
A: hooves 2, foul stench 1, powered by pain 3
a: no special abilities


You were on level 8 of the Dungeon.
You visited 1 branch of the dungeon, and saw 9 of its levels.

You collected 483 gold pieces.

Inventory:

Hand Weapons
 a - a +1 war axe of venom (weapon)
 e - a +2 flail of protection
Missiles
 d - 2 throwing nets (quivered)
Armour
 b - a +0 chain mail (worn)
 c - a +0 buckler (worn)
 i - a +1 cloak (worn)
 q - a +2 pair of gloves of stealth (worn)
Jewellery
 g - a +6 ring of dexterity (left hand)
 t - a ring of positive energy
 v - a ring of magical power
Wands
 h - a wand of polymorph (4)
 o - a wand of acid (8)
Scrolls
 l - a scroll of brand weapon
 r - a scroll of teleportation
Potions
 j - 2 potions of curing
 k - a potion of resistance {unknown}
 m - a potion of attraction {unknown}
 n - a potion of invisibility {unknown}
 p - a potion of brilliance
 s - 2 potions of lignification {unknown}
 u - a potion of degeneration {unknown}


   Skills:
 + Level 9.0 Fighting
 + Level 8.9 Axes
 - Level 4.0 Armour
 + Level 8.1 Dodging
 - Level 2.6 Shields


You had 9 spell levels left.
You didn't know any spells.
Your spell library contained the following spells:

 Spells                   Type           Power      Damage    Failure   Level
 Summon Small Mammal      Summ           0%         N/A       100%        1
 Blink                    Tloc           0%         N/A       100%        2
 Call Canine Familiar     Summ           0%         N/A       100%        3
 Conjure Flame            Conj/Fire      0%         6-21      100%        3
 Ignite Poison            Fire/Tmut/Pois 0%         N/A       100%        3
 Summon Guardian Golem    Hex/Summ       0%         N/A       100%        3
 Tukima's Dance           Hex            0%         N/A       100%        3
 Passage of Golubria      Tloc           0%         N/A       100%        4
 Sticky Flame             Conj/Fire      0%         2d3       100%        4
 Manifold Assault         Tloc           0%         N/A       100%        5
 Yara's Violent Unravell  Hex/Tmut       0%         3d3       100%        5
 Storm Form               Tmut/Air       0%         N/A       100%        7


Dungeon Overview and Level Annotations

Branches:
Dungeon (9/15)             Temple (0/1) D:5
   Lair: D:8-11         Orc: D:9-12

Altars:
Ashenzari
Dithmenos
Elyvilon
Hepliaklqana
Qazlal
Trog
Uskayaw
Vehumet
Wu Jian
Xom
Zin

Shops:
D:4 *

Annotations:
D:4 2 transporters, BinkBink's ghost, amateur HuFE
D:8 Ijustatesigmund's ghost, novice GrFi


Innate Abilities, Weirdness & Mutations

You have hoof-like feet.
You may rarely emit foul miasma when damaged in melee.
You are powered by pain.


Message History

You are poisoned.
You feel sick.
You feel sick.
The kobold brigand throws a poisoned dart.
The poisoned dart hits you!
You are more poisoned.
The kobold brigand zaps a wand.
Your mind is blasted!
You feel very sick.
The kobold brigand zaps a wand.
You struggle to resist.
You feel very sick.
The kobold brigand throws a poisoned dart.
The poisoned dart closely misses you.
You feel very sick.
You feel sick.
You feel sick.
You feel sick.
The kobold brigand throws a curare-tipped dart.
The curare-tipped dart hits you.
You are more poisoned.
You have difficulty breathing.
You feel yourself slow down.
You feel extremely sick.
You feel very sick.
The kobold brigand throws a poisoned dart.
The poisoned dart hits you!
You are more poisoned.
* * * LOW HITPOINT WARNING * * *
You feel very sick.
You feel much better.
You feel very sick.
You block Ijustatesigmund's ghost's attack.
Ijustatesigmund's ghost boasts, "I have defeated monsters you have never seen."
Ijustatesigmund's ghost hits you.
You feel very sick.
You feel very sick. Ijustatesigmund's ghost hits you!!
* * * LOW HITPOINT WARNING * * *
There is a stone staircase leading up, spattered with blood here.
* * * LOW HITPOINT WARNING * * *
You feel sick. Ijustatesigmund's ghost hits you!
You die...

......##..##.8.##....>#######..._
#....###..#.....####### ###..
##........'.###..# #.#
#........'.....)# #..
#........'.###.?# ###
#........#K....# ##########
#......K.##.8.#### ##........#
#.........#####..# ###..####....
#.......K.# ###@.###...#####....
#......KK.###KW......### #......
##......###.KK.##..#### ##...#.#
............#####..# ###.......
##......##### ##.#####.....)#..
##......# #....##.........
........# #.##.......#####
##......## #..#............
#.......###### ##.#.....#...#..


You could see 3 kobold brigands and Ijustatesigmund's ghost.

Vanquished Creatures
  A two-headed ogre (D:8)
  Joseph (D:7)
  A steam dragon (D:8)
  Edmund (D:4)
  2 swamp worms
  2 water moccasins
  An orc warrior (D:7)
  A black bear (D:6)
  3 ogres
  2 necrophages
  3 centaurs
  2 phantoms
  2 bullfrogs
  A scorpion (D:4)
  A wyvern skeleton (D:7)
  A water moccasin skeleton (D:6)
  3 howler monkeys (D:9)
  3 centaur zombies
  2 hounds
  4 jellies
  A bullfrog zombie (D:7)
  Crazy Yiuf (D:2)
  2 orc priests
  A bullfrog skeleton (D:5)
  5 centaur skeletons
  2 iguanas
  4 orc wizards
  A hound skeleton (D:2)
  8 gnolls
  4 howler monkey zombies
  6 adders
  A shadow imp (D:5)
  A white imp (D:7)
  An adder skeleton (D:4)
  2 adder zombies (D:2)
  A worm (D:2)
  17 orcs
  6 ball pythons
  4 bats
  A bat skeleton (D:2)
  2 bat zombies (D:2)
  8 endoplasms
  4 giant cockroaches
  7 hobgoblins
  2 jackals (D:1)
  7 kobolds
  3 quokkas (D:2)
  A ball python zombie (D:2)
  9 goblins
  3 rats
152 creatures vanquished.

Vanquished Creatures (others)
  A bush (D:8)
  8 plants (D:8)
9 creatures vanquished.

Grand Total: 161 creatures vanquished

Notes
Turn   | Place    | Note
-------+----------+-------------------------------------------
     0 | D:1      | Ijustatesigmund the Demonspawn Fighter began the quest for
                  | the Orb.
     0 | D:1      | Reached XP level 1. HP: 18/18 MP: 1/1
    72 | D:1      | Gained mutation: You sometimes gain a little power by
                  | taking damage. [demonic ancestry]
    72 | D:1      | Reached XP level 2. HP: 18/24 MP: 2/2
   883 | D:1      | Gained mutation: You have large cloven feet. [demonic
                  | ancestry]
   883 | D:1      | Reached XP level 3. HP: 22/29 MP: 3/3
  1711 | D:2      | Found a faded altar of an unknown god.
  1734 | D:2      | Found a broken altar of Ashenzari.
  1852 | D:2      | Reached XP level 4. HP: 36/37 MP: 4/4
  2215 | D:2      | Found a runed translucent door.
  2216 | D:2      | Noticed Crazy Yiuf
  2229 | D:2      | Killed Crazy Yiuf
  2230 | D:2      | Reached skill level 4 in Fighting
  2844 | D:3      | Found a stormy altar of Qazlal.
  2951 | D:3      | Found a hazy altar of Hepliaklqana.
  2952 | D:3      | Found a shimmering altar of Xom.
  2953 | D:3      | Noticed a spectral ugly thing
  3328 | D:4      | Gained mutation: You sometimes gain power by taking damage.
                  | [demonic ancestry]
  3328 | D:4      | Reached XP level 5. HP: 40/42 MP: 5/5
  3424 | D:4      | Found a broken altar of Ashenzari.
  3503 | D:4      | Noticed Edmund
  3516 | D:4      | Killed Edmund
  3517 | D:4      | Reached XP level 6. HP: 49/49 MP: 6/6
  3628 | D:4      | Found Zin's Purification Station.
  3640 | D:4      | Reached skill level 5 in Axes
  3937 | D:4      | Noticed BinkBink's ghost (amateur HuFE)
  3945 | D:4      | Found a transporter.
  4068 | D:4      | Found a transporter.
  4219 | D:5      | Entered Level 5 of the Dungeon
  4219 | D:5      | Found an ornate altar of the Wu Jian Council.
  4223 | D:5      | Reached skill level 5 in Fighting
  4282 | D:5      | Noticed a water moccasin
  4300 | D:5      | Killed a water moccasin
  4301 | D:5      | Reached XP level 7. HP: 42/56 MP: 7/7
  4613 | D:5      | Found a staircase to the Ecumenical Temple.
  5344 | D:6      | Reached skill level 6 in Fighting
  5878 | D:6      | Gained mutation: You have hoof-like feet. [demonic
                  | ancestry]
  5878 | D:6      | Reached XP level 8. HP: 64/64 MP: 8/8
  5919 | D:6      | Found a shadowy altar of Dithmenos.
  6053 | D:6      | Identified a scroll of acquirement
  6053 | D:6      | Acquired a manual of Dodging
  6099 | D:6      | Reached skill level 1 in Dodging
  6569 | D:7      | Noticed Joseph
  6580 | D:7      | Killed Joseph
  6581 | D:7      | Reached skill level 7 in Fighting
  6790 | D:7      | Gained mutation: You are powered by pain. [demonic
                  | ancestry]
  6790 | D:7      | Reached XP level 9. HP: 39/72 MP: 9/9
  6796 | D:7      | Reached skill level 5 in Dodging
  7161 | D:7      | Found a radiant altar of Vehumet.
  7402 | D:7      | Found a bloodstained altar of Trog.
  7519 | D:8      | Found a runed translucent gate.
  7519 | D:8      | Found a runed translucent gate.
  7522 | D:8      | Found a runed translucent gate.
  7522 | D:8      | Noticed Ijustatesigmund's ghost (novice GrFi)
  7776 | D:8      | Reached skill level 8 in Fighting
  7852 | D:8      | Found a hide-covered altar of Uskayaw.
  7859 | D:8      | Noticed a two-headed ogre
  7870 | D:8      | Killed a two-headed ogre
  8556 | D:8      | Gained mutation: You may rarely emit foul miasma when
                  | damaged in melee. [demonic ancestry]
  8556 | D:8      | Reached XP level 10. HP: 72/82 MP: 10/10
  8739 | D:8      | Reached skill level 9 in Fighting
  8855 | D:8      | HP: 1/83 [Ijustatesigmund's ghost (19)]
  8856 | D:8      | Demolished by Ijustatesigmund's ghost

Illustrated notes

Levels and vault maps discovered:
D:1:      amcnicky_arrival_flooded_fountain, layout_basic
D:2:      layout_rooms, basic_altar,
          hellmonk_ecumenical_altar_pennies_from_heaven, serial_undead,
          serial_undead_b, serial_undead_f, serial_undead_a, serial_undead_b,
          mrwooster_statue_mirror, uniq_crazy_yiuf_cottage
D:3:      layout_loops_ring, regret_index_temple_of_mockery,
          jmf_multi_god_temple, minmay_curled_crystal, skrybe_limestone_x
D:4:      layout_loops_ring, ashenzari_altar_1, zin_purify,
          gammafunk_ghost_smash, uniq_edmund
D:5:      layout_loops_ring, nicolae_overflow_crystal_walls, temple_pool_b
D:6:      layout_basic, nicolae_dithmenos_shadow_blocks, minivault_1,
          hangedman_abyss_or_decor_stabs
D:7:      layout_rooms, nicolae_vehumet_radiance, trog_hazing_becter,
          kennysheep_potato, uniq_joseph
D:8:      layout_rooms, nicolae_uskayaw_dance_hall,
          gammafunk_ghost_nasty_kobolds, kb_lookout_dungeons_type,
          hangedman_decor_lopped, worms_lemuel
D:9:      layout_cave_pods, grunt_decor_cap

Skill      XL: |  1  2  3  4  5  6  7  8  9 10 |
---------------+-------------------------------+-----
Axes           | 2 3 4 5 6 7 8 |  8.9
Fighting       | 4 5 6 7 8 9 |  9.0
Armour         | 3 4 |  4.0
Dodging        | 4 8 |  8.1
Shields        | |  2.6

Action                   |  1- 3 |  4- 6 |  7- 9 | 10-12 || total
-------------------------+-------+-------+-------+-------++-------
Melee: War axe           |   108 |    92 |   246 |     8 ||   454
       Kick              |    15 |    25 |   104 |     3 ||   147
Evoke: Wand              |       |       |     1 |       ||     1
  Use: Scroll            |       |     6 |     7 |       ||    13
       Potion            |       |     3 |     5 |     1 ||     9
 Stab: Invisible         |       |     1 |       |       ||     1
Armor: Scale mail        |    56 |    20 |       |       ||    76
       Chain mail        |       |    13 |   160 |     7 ||   180
Dodge: Dodged            |    56 |    45 |   103 |     5 ||   209
Block: Buckler           |    23 |    27 |    86 |     4 ||   140

Table legend: (Time is in decaauts)
 A = Elapsed time spent in this place.
 B = Non-inter-level travel time spent in this place.
 C = Inter-level travel time spent in this place.
 D = Time resting spent in this place.
 E = Time spent auto-exploring this place.
 F = Levels seen in this place.
 G = Mean time per level.
                   A        B        C        D        E       F      G
               +--------+--------+--------+--------+--------+-----+--------+
         Total |   9003 |   8771 |    232 |   2439 |   5101 |   9 | 1000.3 |
       Dungeon |   9003 |   8771 |    232 |   2439 |   5101 |   9 | 1000.3 |
               +--------+--------+--------+--------+--------+-----+--------+

Top non-repeatable levels by time:
     D:1: 1609 daAuts
     D:6: 1224 daAuts
     D:5: 1117 daAuts
     D:2: 990 daAuts
     D:7: 987 daAuts
     D:8: 965 daAuts
     D:4: 941 daAuts
     D:3: 749 daAuts
     D:9: 416 daAuts
